Map: Efflorescence LE

Players

Hungover

  • Race: Zerg Zerg
  • Spawn Location: 12:00

Master

  • Race: Zerg Zerg
  • League: Platinum
  • Spawn Location: 3:00

OpuS - Winner!

  • Race: Protoss Protoss
  • League: Platinum
  • Spawn Location: 9:00

Sketchaphone - Winner!

  • Race: Zerg Zerg
  • League: Platinum
  • Spawn Location: 6:00

VOD

Have the link to the VOD?

Description

Time

  • Played on: Feb. 10, 2019, 8:28 p.m.
  • Length: 1:17
Show
View Real Time Build Order
Export as new Build Order

Hungover Zerg 

Build Orders:  

Get SALT Encoding   

  12  0:03  Drone  
  13  0:23  Drone  
  13  0:25  Overlord  
Show
View Real Time Build Order
Export as new Build Order

Master Zerg 

Build Orders:  

Get SALT Encoding   

  12  0:02  Drone  
Show
View Real Time Build Order
Export as new Build Order

OpuS Protoss - Winner!

Build Orders:  

Get SALT Encoding   

  12  0:01  Probe  
  13  0:13  Probe  
  14  0:22  Pylon  
  14  0:25  Probe  
  15  0:40  Probe  
  16  0:45  Gateway  
  16  0:49  Probe  
  17  0:57  Probe  
  17  1:03  Assimilator  
Show
View Real Time Build Order
Export as new Build Order

Sketchaphone Zerg - Winner!

Build Orders:  

Get SALT Encoding   

  12  0:01  Drone  
  13  0:13  Overlord  
  13  0:19  Drone  
  13  0:20  Extractor  
  13  0:24  Drone  
  15  0:32  Drone  
  15  0:34  Drone  
  17  1:01  Hatchery  
Tags
 
Add a new tag
Caveats
  • Supply blocks, unpowered buildings, or Contaminate may cause inaccurate times.
  • Supply counts are checked every 10 seconds.